AoeStats
← O grande

Arabia

507040777Analyzed
1v1 RM · 15d ago on Sep 16, 2026· 46m 47s· 2 players
Game mode
Random Map
Map size
Tiny (2 player)
Population
200
Speed
Normal
Resources
Standard
Victory
Conquest
Starting age
Dark Age
Ending age
Imperial Age
RankedLock teamsTeams togetherTeam positionsShared explorationLock speedFull tech treeHidden civsTurbo modeCheats
Victory
Defeat
🇨🇳 Burgundians · China
2116
+12
🇧🇷 Spanish · Brazil
2018
-12
O grande
8:23 Loom
10:54 Feudal Age
11:51 Double-Bit Axe
14:57 Fletching
15:38 Town Watch
19:19 Castle Age
18:08 Padded Archer Armor
18:30 Horse Collar
19:56 Bodkin Arrow
22:33 Bow Saw
23:53 Bloodlines
23:46 Husbandry
25:33 Leather Archer Armor
29:30 Wheelbarrow
30:29 Gold Mining
30:43 Heavy Plow
36:01 Imperial Age
33:54 Guard Tower
35:08 Ballistics
39:02 Chemistry
44:13 Scale Barding Armor
45:26 Chain Barding Armor
46:52 Plate Barding Armor
47:07 Forging
半月回淑
3:28 Double-Bit Axe
5:54 Loom
9:02 Feudal Age
12:56 Bow Saw
13:42 Horse Collar
14:52 Fletching
16:35 Wheelbarrow
21:22 Castle Age
20:34 Town Watch
20:50 Heavy Plow
20:56 Gold Mining
21:25 Crossbowman
22:02 Bodkin Arrow
24:29 Ballistics
25:28 Padded Archer Armor
26:38 Hand Cart
27:03 Elite Skirmisher
30:22 Leather Archer Armor
33:01 Scale Barding Armor
35:48 Imperial Age
35:17 Stone Mining
36:37 Chain Barding Armor
36:28 Forging
36:54 Husbandry
39:00 Bracer
42:08 Chemistry
41:47 Conscription
40:57 Light Cavalry
42:05 Chain Barding Armor
42:44 Hussar
44:47 Plate Barding Armor
44:41 Squires
45:53 Cavalier
47:25 Iron Casting
Connection lost

Rejoining the realm…

Still unreachable

The connection could not be restored.

Session expired

The server has moved on; the page needs a fresh start.